 Dungeon Crawl Stone Soup version 0.28-a0-657-g71136c5590 (webtiles) character file.

Game seed: 4827411588784613273

25129 siradein the Summoner (level 12, -8/74 HPs)
             Began as a Demonspawn Summoner on Oct 13, 2021.
             Was a High Priest of Kikubaaqudgha.
             Mangled by a sun demon (17 damage)
             ... on level 9 of the Dungeon on Oct 14, 2021.
             The game lasted 00:46:02 (17564 turns).

siradein the Summoner (Demonspawn Summoner)        Turns: 17564, Time: 00:46:03

Health: -8/74      AC: 13    Str:  9    XL:     12   Next: 86%
Magic:  4/27       EV: 16    Int: 25    God:    Kikubaaqudgha [*****.]
Gold:   833        SH:  0    Dex: 14    Spells: 3/34 levels left

rFire   . . .      SeeInvis +   R - +7 war axe of the Endless Expanse {pain, rC+ Int+2 SInv}
rCold   + . .      Faith    .   (no shield)
rNeg    . . .      Spirit   .   t - +2 robe {Archmagi}
rPois   .          Reflect  .   W - +2 helmet {SInv}
rElec   .          Harm     .   V - +0 cloak {Will+}
rCorr   +          Rampage  .   T - +0 pair of gloves of the Teacher {rCorr Int+2}
Will    +....      Archmagi +   p - +0 pair of boots
Stlth   ++........              d - amulet of the acrobat
HPRegen 0.22/turn               b - +4 ring of evasion
MPRegen 0.20/turn               N - ring of flight

@: about to teleport, flying
A: slimy green scales 2, ignite blood 1, demonic magic 2
a: Renounce Religion, Receive Corpses, Torment


You were on level 9 of the Dungeon.
You worshipped Kikubaaqudgha.
Kikubaaqudgha was extremely pleased with you.
You visited 3 branches of the dungeon, and saw 13 of its levels.
You also visited: Sewer and Gauntlet.

You collected 930 gold pieces.
You spent 97 gold pieces at shops.

Inventory:

Hand Weapons
 l - a +1 hand crossbow of flaming
 R - the +7 war axe of the Endless Expanse (weapon) {pain, rC+ Int+2 SInv}
   (You found it on level 11 of the Dungeon)

   In the hands of one skilled in necromantic magic, it inflicts extra damage on
   living creatures.
   Int:       It affects your intelligence (+2).
   rC:        It protects you from cold.
   SInv:      It lets you see invisible.
Missiles
 e - 2 throwing nets
 E - 2 curare-tipped darts
 U - 99 bolts
Armour
 p - a +0 pair of boots (worn)
 t - a +2 robe of the Archmagi (worn)
 T - the +0 pair of gloves of the Teacher (worn) {rCorr Int+2}
   (You found it in a Gauntlet)

   Int:       It affects your intelligence (+2).
   rCorr:     It protects you from acid and corrosion.
 V - a +0 cloak of willpower (worn)
 W - a +2 helmet of see invisible (worn)
Magical Staves
 J - a staff of cold
 M - a staff of earth
 S - a staff of fire
Jewellery
 b - a +4 ring of evasion (left hand)
 d - an amulet of the acrobat (around neck)
 f - a ring of ice
 y - a ring of see invisible
 N - a ring of flight (right hand)
Wands
 h - a wand of iceblast (28)
 q - a wand of digging (5)
 F - a wand of flame (46)
 H - a wand of polymorph (2)
Scrolls
 a - 2 scrolls of amnesia
 c - 4 scrolls of fear
 g - 6 scrolls of fog
 k - a scroll of teleportation
 r - 2 scrolls of holy word
 v - a scroll of enchant weapon
 w - 2 scrolls of vulnerability {unknown}
 D - 2 scrolls of magic mapping
 K - 3 scrolls of noise {unknown}
 O - a scroll of acquirement {unknown}
 P - a scroll of summoning {unknown}
 Q - a scroll of blinking
Potions
 i - 3 potions of ambrosia {unknown}
 j - 9 potions of curing {unknown}
 n - 5 potions of heal wounds
 o - 2 potions of mutation {unknown}
 s - a potion of lignification {unknown}
 u - a potion of resistance {unknown}
 x - 2 potions of attraction {unknown}
 z - 2 potions of cancellation {unknown}
 A - a potion of haste
 B - 2 potions of magic {unknown}
 C - 2 potions of might {unknown}
 G - a potion of brilliance {unknown}
 I - a potion of berserk rage {unknown}
 X - a potion of flight {unknown}
Miscellaneous
 m - a lightning rod (4/4)
 L - a piece from Xom's chessboard (15/15)


   Skills:
 + Level 4.7 Axes
 + Level 2.5 Dodging
 - Level 1.7 Stealth
 + Level 11.9 Spellcasting
 + Level 13.3 Summonings
 + Level 12.2 Necromancy
 + Level 1.7 Evocations


You had 3 spell levels left.
You knew the following spells:

 Your Spells              Type           Power      Damage    Failure   Level
a - Summon Small Mammal   Summ           100%       N/A       0%          1
b - Call Imp              Summ           89%        N/A       1%          2
c - Call Canine Familiar  Summ           89%        N/A       1%          3
d - Summon Guardian Gole  Hex/Summ       64%        N/A       1%          3
e - Summon Lightning Spi  Summ/Air       64%        N/A       2%          4
f - Sublimation of Blood  Necr           42%        N/A       1%          2
g - Vampiric Draining     Necr           42%        2d12      1%          3
h - Animate Dead          Necr           42%        N/A       1%          4
i - Borgnjor's Vile Clut  Necr/Erth      31%        N/A       9%          5
j - Dispel Undead         Necr           85%        3d27      1%          4

Your spell library contained the following spells:

 Spells                   Type           Power      Damage    Failure   Level
 Animate Skeleton         Necr           100%       N/A       1%          1
 Pain                     Necr           100%       1d9       1%          1
 Corpse Rot               Necr/Air       N/A        N/A       1%          2
 Foxfire                  Conj/Fire      88%        2x1d8     4%          1
 Slow                     Hex            22%        N/A       6%          2
 Confusing Touch          Hex            22%        N/A       12%         3
 Conjure Flame            Conj/Fire      22%        6-21      12%         3
 Inner Flame              Hex/Fire       22%        N/A       12%         3
 Agony                    Necr           85%        N/A       1%          5
 Death Channel            Necr           42%        N/A       4%          6
 Flame Wave               Conj/Fire      22%        3d6       38%         4
 Hailstorm                Conj/Ice       22%        3d7       38%         4
 Ice Form                 Ice/Tmut       22%        N/A       38%         4
 Simulacrum               Ice/Necr       31%        N/A       45%         6
 Spellforged Servitor     Conj/Summ      32%        N/A       92%         7
 Orb of Destruction       Conj           11%        9d5       100%        7


Dungeon Overview and Level Annotations

Branches:
Dungeon (11/15)            Temple (1/1) D:4            Lair (1/6) D:11
  Sewer (visited)         Gauntlet (visited)
    Orc: D:9-12

Altars:
Ashenzari
Cheibriados
Dithmenos
Elyvilon
Fedhas
Gozag
Hepliaklqana
Kikubaaqudgha
Makhleb
Nemelex Xobeh
Okawaru
Qazlal
Ru
Sif Muna
Trog
Uskayaw
Vehumet
Wu Jian
Xom
Yredelemnul
Zin
The Shining One
Lugonu

Shops:
D:10 ?

Portals:
Abyss: D:9

Annotations:
D:9 1 transporter


Innate Abilities, Weirdness & Mutations

You are mostly covered in slimy green scales. (AC +3)
Your demonic aura sometimes causes spilled blood to erupt in flames.
Spells you cast may paralyse nearby enemies.


Message History

Press: ? - help, Dir - move target, f - sun demon
Aim: a sun demon Attack!
The sun demon hits your warg.
Your warg is engulfed in flames!
Your warg closely misses the sun demon.
The sun demon hits your warg.
Your warg is engulfed in flames!
Your warg dies!
Your warg's corpse disappears in a puff of smoke!
Unknown command.
Okay, then.
Okay, then.
Okay, then.
Press: ? - help, v - describe, . - travel, g - get item
Here: a sun demon
Items here: a +2 trident of flaming; a gold piece.
The floor.
Aiming: Iceblast
Press: ? - help, Shift-Dir - straight line, f/p - sun demon
Aim: a sun demon The mass of ice explodes!
The iceblast engulfs the sun demon.
The sun demon is lightly wounded.
Unknown command.
Aiming: Iceblast
Press: ? - help, Shift-Dir - straight line, f/p - sun demon
Aim: a sun demon (blue smoke, lightly wounded)
The mass of ice explodes!
The iceblast engulfs the sun demon!
The sun demon is frozen!
The sun demon is moderately wounded.
The sun demon hits you.
You are engulfed in flames!
It was a potion of heal wounds.
You feel much better. The sun demon hits you!!
You are engulfed in flames!
* * * LOW HITPOINT WARNING * * *
You feel much better. The sun demon hits you!
You are engulfed in flames!
* * * LOW HITPOINT WARNING * * *
As you read the scroll labelled JOLELOXUJI, it crumbles to dust.
You feel strangely unstable.
It was a scroll of teleportation.
The sun demon hits you.
* * * LOW HITPOINT WARNING * * *
You are engulfed in flames!
You die...
Kikubaaqudgha rasps: "You have failed me!
Welcome... death!"

....##...###...##.##...#.#####...
#....##..#....##.#.#....#.##.#...
.....###.##.###..###..#.##...##..
#...##.##.###..:###....#.##......
.#.©#..#.#.©.#.©#.......#.#...###
#...##.#..#..8.)##........##.## #
##...##..#..[..#.##..........#
......#.p#.#####3.##..###....## #
.....##...##..#.@..#..# ##....###
##...#∩(###...###.##..# #.......
.....####.......###...# ##.......
.......(..............###.....(..
#................................
<#...........##...<..............
##<...........#..........).......
##<.............................
##........#.#......>.............


You could see a sun demon.

Vanquished Creatures
  Erica (D:8)
  2 large abominations (Gauntlet)
  A cyclops (D:11)
  2 centaur zombies (D:11)
  2 elephants (Lair:1)
  Joseph (D:7)
  3 cane toads (Lair:1)
  2 komodo dragons (Lair:1)
  A rime drake (Lair:1)
  An unseen horror (D:11)
  A troll (D:11)
  A queen bee (Gauntlet)
  9 yaks
  Duvessa (D:4)
  A water moccasin (D:7)
  An ice beast (D:3)
  An orc warrior (D:6)
  A hornet zombie (D:6)
  A black bear (Lair:1)
  2 centaurs
  6 kobold brigands
  3 bullfrogs
  A scorpion (Lair:1)
  Dowan (D:4)
  A wyvern zombie (D:8)
  3 killer bees (Gauntlet)
  A wight (D:6)
  2 howler monkeys (D:11)
  6 small abominations
  2 orc priests
  A centaur skeleton (D:7)
  A gnoll shaman (D:6)
  An iguana (D:6)
  4 orc wizards
  A hound skeleton (D:4)
  A howler monkey zombie (D:9)
  3 gnolls
  3 adders
  An ufetubus (D:3)
  A worm (D:2)
  8 orcs
  6 endoplasms
  3 giant cockroaches
  6 goblins
  5 hobgoblins
  2 jackals (D:1)
  6 ball pythons
  4 bats
  8 frilled lizards
  35 kobolds
  A kobold skeleton (D:11)
  A kobold zombie (D:11)
  A quokka skeleton (D:3)
  7 rats
171 creatures vanquished.

Vanquished Creatures (collateral kills)
  A minotaur (Gauntlet)
  Fannar (D:10)
  A hydra (D:11)
  The ghost of ytrimaz the Basher, a novice MiBe of Trog (D:9)
  4 two-headed ogres
  A centaur warrior (D:9)
  Pikel (D:4)
  A large abomination (Gauntlet)
  2 elephants (Lair:1)
  3 cane toads (Lair:1)
  Maggie (D:6)
  A kobold demonologist (D:11)
  2 unseen horrors
  2 komodo dragons (Lair:1)
  Psyche (D:11)
  A red devil (D:9)
  The ghost of blank1 the Ducker, an amateur DjGl (D:3)
  Prince Ribbit (D:5)
  7 small abominations (Gauntlet)
  A shadow (D:9)
  A wyvern (D:9)
  5 yaks (Lair:1)
  3 steam dragons
  3 vampire mosquitoes (D:10)
  Purgy (Sewer)
  4 orc warriors
  2 necrophages
  2 sky beasts
  An ice beast (D:8)
  A centaur (D:10)
  4 ogres
  A lemure (D:4)
  A kobold brigand (D:11)
  3 bullfrogs
  A scorpion (D:6)
  A wyvern skeleton (D:7)
  2 wights (D:6)
  4 killer bees
  4 electric eels (D:7)
  3 howler monkeys
  7 centaur zombies
  4 orc priests
  3 iguanas
  Ijyb (D:4)
  Jessica (D:2)
  5 orc wizards
  3 adders
  A gnoll (D:6)
  A howler monkey skeleton (D:6)
  2 river rats (D:6)
  2 shadow imps (D:11)
  18 orcs
  A ball python (Sewer)
  An endoplasm (D:4)
  7 goblins
  3 hobgoblins
  12 kobolds
  2 quokkas
  4 frilled lizards
  9 kobold skeletons (D:11)
  7 kobold zombies (D:11)
175 creatures vanquished.

Vanquished Creatures (others)
  An orc (D:8)
  2 fungi (Lair:1)
  14 plants
17 creatures vanquished.

Grand Total: 363 creatures vanquished

Notes
Turn   | Place    | Note
-------+----------+-------------------------------------------
     0 | D:1      | siradein the Demonspawn Summoner began the quest for the
                  | Orb.
     0 | D:1      | Reached XP level 1. HP: 13/13 MP: 3/3
   576 | D:1      | Gained mutation: Your demonic aura sometimes causes spilled
                  | blood to erupt in flames. [demonic ancestry]
   576 | D:1      | Reached XP level 2. HP: 19/19 MP: 5/5
   832 | D:1      | Found a faded altar of an unknown god.
   879 | D:1      | Learned a level 2 spell: Call Imp
  1049 | D:1      | Gained mutation: You are partially covered in slimy green
                  | scales. (AC +2) [demonic ancestry]
  1049 | D:1      | Reached XP level 3. HP: 24/24 MP: 7/7
  1631 | D:2      | Noticed Jessica
  1640 | D:2      | Killed Jessica
  1641 | D:2      | Reached XP level 4. HP: 21/30 MP: 6/8
  2086 | D:2      | Reached skill level 5 in Summonings
  2533 | D:3      | Gained mutation: You are mostly covered in slimy green
                  | scales. (AC +3) [demonic ancestry]
  2533 | D:3      | Reached XP level 5. HP: 32/35 MP: 10/10
  2590 | D:3      | Learned a level 3 spell: Call Canine Familiar
  2716 | D:3      | Found a transporter.
  2720 | D:3      | Found a transporter.
  2720 | D:3      | Noticed blank1's ghost (amateur DjGl)
  2788 | D:3      | Noticed an ice beast
  2806 | D:3      | Killed an ice beast
  3359 | D:3      | Found a snail-covered altar of Cheibriados.
  3516 | D:4      | Noticed an ogre
  3522 | D:4      | Reached XP level 6. HP: 41/41 MP: 6/12
  3532 | D:4      | Reached skill level 6 in Summonings
  3711 | D:4      | Noticed Dowan
  3712 | D:4      | Noticed Duvessa
  3728 | D:4      | Killed Duvessa
  3729 | D:4      | Reached skill level 5 in Spellcasting
  3736 | D:4      | Killed Dowan
  3737 | D:4      | Reached XP level 7. HP: 17/46 MP: 10/14
  3793 | D:4      | Reached skill level 7 in Summonings
  3976 | D:4      | Noticed Ijyb
  3985 | D:4      | Killed Ijyb
  4159 | D:4      | Found a staircase to the Ecumenical Temple.
  4194 | D:4      | Found a bloodstained altar of Trog.
  4307 | Temple   | Entered the Ecumenical Temple
  4341 | Temple   | Became a worshipper of Kikubaaqudgha
  4581 | D:5      | Entered Level 5 of the Dungeon
  4581 | D:5      | Noticed Pikel
  4602 | D:4      | Killed Pikel
  4603 | D:4      | Reached XP level 8. HP: 52/52 MP: 13/17
  4694 | D:5      | Reached skill level 8 in Summonings
  4949 | D:5      | Found a basalt altar of Yredelemnul.
  4976 | D:5      | HP: 2/52 [ogre (15)]
  4980 | D:5      | Noticed Prince Ribbit
  4994 | D:5      | Killed Prince Ribbit
  5851 | D:6      | Identified the +5 war axe of the Saviour {drain, Will+
                  | Int+2}
  5914 | D:6      | Gained mutation: Spells you cast may paralyse adjacent
                  | enemies. [demonic ancestry]
  5914 | D:6      | Reached XP level 9. HP: 57/57 MP: 13/19
  5980 | D:6      | Reached skill level 5 in Necromancy
  5994 | D:6      | Found a sacrificial altar of Ru.
  6023 | D:6      | Noticed Maggie
  6056 | D:6      | Reached skill level 9 in Summonings
  6056 | D:6      | Reached * piety under Kikubaaqudgha
  6056 | D:6      | Received a gift from Kikubaaqudgha
  6071 | D:6      | Killed Maggie
  6149 | D:6      | Found a shimmering altar of Xom.
  6251 | D:6      | Found a glowing drain.
  6255 | Sewer    | Entered a sewer
  6491 | Sewer    | Noticed Purgy
  6500 | Sewer    | Killed Purgy
  6887 | D:6      | Found a radiant altar of Vehumet.
  6925 | D:6      | Found a stormy altar of Qazlal.
  7072 | D:6      | Learned a level 3 spell: Summon Guardian Golem
  7077 | D:6      | Learned a level 4 spell: Summon Lightning Spire
  7080 | D:6      | Learned a level 2 spell: Sublimation of Blood
  7108 | D:7      | Reached ** piety under Kikubaaqudgha
  7164 | D:6      | Learned a level 3 spell: Vampiric Draining
  7728 | D:7      | Noticed Joseph
  7745 | D:7      | Killed Joseph
  8240 | D:7      | Reached skill level 10 in Summonings
  8284 | D:7      | Reached XP level 10. HP: 53/63 MP: 22/22
  9517 | D:8      | Noticed Erica
  9528 | D:8      | Killed Erica
 10536 | D:8      | Found an opulent altar of Gozag.
 10713 | D:9      | Found a shimmering blue altar of Sif Muna.
 10732 | D:9      | Found a transporter.
 10732 | D:9      | Noticed a wizard
 10739 | D:9      | Noticed a centaur warrior
 10746 | D:9      | Found a one-way gate to the infinite horrors of the Abyss.
 10746 | D:9      | Noticed ytrimaz's ghost (novice MiBe)
 10749 | D:9      | Noticed a sun demon
 10757 | D:9      | Found a transporter.
 10889 | D:9      | Noticed a two-headed ogre
 10897 | D:9      | Killed a two-headed ogre
 10909 | D:9      | Reached skill level 11 in Summonings
 10932 | D:9      | Killed a centaur warrior
 11082 | D:9      | Noticed a two-headed ogre
 11093 | D:9      | Killed a two-headed ogre
 11094 | D:9      | Gained mutation: Spells you cast may paralyse nearby
                  | enemies. [demonic ancestry]
 11094 | D:9      | Reached XP level 11. HP: 27/68 MP: 18/24
 11397 | D:9      | Noticed a two-headed ogre
 11405 | D:9      | Killed a two-headed ogre
 11406 | D:9      | Reached skill level 10 in Spellcasting
 11768 | D:10     | Entered Level 10 of the Dungeon
 11769 | D:10     | Found a hide-covered altar of Uskayaw.
 11820 | D:10     | Found a blossoming altar of Fedhas.
 11823 | D:10     | Noticed Fannar
 11862 | D:10     | Killed Fannar
 11945 | D:10     | Found a sparkling altar of Nemelex Xobeh.
 11979 | D:10     | Found Vijoci's Magic Scroll Emporium.
 11989 | D:10     | Bought a scroll of enchant armour for 97 gold pieces
 12011 | D:10     | Noticed a two-headed ogre
 12017 | D:10     | Killed a two-headed ogre
 12203 | D:10     | Found a hazy altar of Hepliaklqana.
 12344 | D:10     | Reached skill level 10 in Necromancy
 12658 | D:11     | Noticed a seven-headed hydra
 12671 | D:11     | Killed a seven-headed hydra
 12672 | D:11     | Reached skill level 12 in Summonings
 12773 | D:11     | Noticed Psyche
 12783 | D:11     | Killed Psyche
 12845 | D:11     | Identified the +7 war axe of the Endless Expanse {pain, rC+
                  | Int+2 SInv}
 13099 | D:11     | Found a staircase to the Lair.
 13105 | D:11     | Reached *** piety under Kikubaaqudgha
 13105 | D:11     | Received a gift from Kikubaaqudgha
 13111 | D:11     | Learned a level 4 spell: Animate Dead
 13117 | D:11     | Learned a level 5 spell: Borgnjor's Vile Clutch
 13122 | D:11     | Learned a level 4 spell: Dispel Undead
 13410 | D:11     | Found an ancient bone altar of Kikubaaqudgha.
 13427 | D:11     | Reached **** piety under Kikubaaqudgha
 13683 | D:11     | Reached skill level 1 in Axes
 14098 | Lair:1   | Entered Level 1 of the Lair of Beasts
 14125 | Lair:1   | Reached XP level 12. HP: 41/74 MP: 20/27
 14147 | Lair:1   | Found a gate leading to a gauntlet.
 14156 | Gauntlet | Entered a Gauntlet
 14156 | Gauntlet | Found a transporter.
 14156 | Gauntlet | Found a transporter.
 14279 | Gauntlet | Found a transporter.
 14282 | Gauntlet | Found a transporter.
 14290 | Gauntlet | Found a transporter.
 14294 | Gauntlet | Found a transporter.
 14302 | Gauntlet | Found a transporter.
 14319 | Gauntlet | Found a transporter.
 14333 | Gauntlet | Found a transporter.
 14337 | Gauntlet | Found a transporter.
 14345 | Gauntlet | Found a transporter.
 14349 | Gauntlet | Found a transporter.
 15095 | Gauntlet | Identified the +0 pair of gloves of the Teacher {rCorr
                  | Int+2}
 15124 | Gauntlet | Noticed a minotaur
 15152 | Gauntlet | Killed a minotaur
 15757 | Lair:1   | Reached skill level 13 in Summonings
 16053 | Lair:1   | Reached ***** piety under Kikubaaqudgha
 16327 | Lair:1   | Reached skill level 1 in Evocations
 16674 | D:3      | Killed blank1's ghost
 17555 | D:9      | Killed ytrimaz's ghost
 17564 | D:9      | Mangled by a sun demon

Illustrated notes

Levels and vault maps discovered:
D:1:      lightli_molten_gateway, layout_basic,
          hellmonk_ecumenical_altar_crossroads, minmay_domino_4
D:2:      layout_loops_cross, uniq_jessica
D:3:      layout_loops_ring, mainiacjoe_overflow_alcove_4, gammafunk_ghost_arena
D:4:      layout_basic, lemuel_tele_altar, temple_hall, uniq_ijyb, uniq_duvessa
D:5:      layout_cave_pods, mainiacjoe_overflow_brackets, uniq_prince_ribbit1,
          uniq_pikel
D:6:      layout_loops_ring, mainiacjoe_overflow_surrounded_room,
          mainiacjoe_overflow_alcove_1, mainiacjoe_overflow_boulevard,
          mainiacjoe_overflow_cross_hatched, lemuel_doored_altar,
          gup_sewer_entry_bowl, uniq_maggie
D:7:      layout_layer_cave, serial_bayou_lagoon_b, uniq_joseph
D:8:      layout_loops_corners, grunt_temple_overflow_gold_and_silver,
          uniq_erica
D:9:      layout_big_octagon, lemuel_crystal_altar,
          nicolae_overflow_hidden_temple, gammafunk_ghost_abyssal_escape
D:10:     layout_loops_ring, worldfamousw_hep_ancestral_shrine,
          nemelex_spade_bored_becter, fedhas_altar_1, amcnicky_altar_gilded,
          serial_shops, shop_scrolls, minmay_misc_feat_iff, uniq_fannar
D:11:     wander_kiku_kobolds, layout_loops_ring, lair_entry_dummy, uniq_psyche
Temple:   corrupted_temple
Lair:1:   layout_hall_layers, gauntlet_entry_generic, columned_hall_lemuel,
          beast_lair_carwin_10

Skill      XL: |  1  2  3  4  5  6  7  8  9 10 11 12 |
---------------+-------------------------------------+-----
Spellcasting   | 3 4 5 6 7 8 9 11 | 11.9
Summonings     | 5 6 7 8 10 11 12 13 | 13.3
Necromancy     | 2 4 7 9 11 12 | 12.2
Axes           | 1 4 |  4.7
Dodging        | 2 |  2.5
Evocations     | 1 |  1.7
Stealth        | |  1.7

Action                   |  1- 3 |  4- 6 |  7- 9 | 10-12 || total
-------------------------+-------+-------+-------+-------++-------
Melee: Unarmed           |    13 |       |       |       ||    13
       Flail             |    11 |       |       |       ||    11
       Falchion          |    60 |   195 |     1 |       ||   256
       Glaive            |       |       |   147 |    89 ||   236
       War axe           |       |       |       |   152 ||   152
 Cast: Summon Small Mamm |    13 |       |       |       ||    13
       Call Imp          |     2 |     7 |    10 |       ||    19
       Call Canine Famil |       |     6 |    27 |    52 ||    85
       Vampiric Draining |       |       |     4 |     2 ||     6
       Summon Lightning  |       |       |       |    31 ||    31
       Animate Dead      |       |       |       |    11 ||    11
       Borgnjor's Vile C |       |       |       |     6 ||     6
       Dispel Undead     |       |       |       |     2 ||     2
Evoke: Wand              |       |       |       |     2 ||     2
  Use: Scroll            |       |       |     5 |     5 ||    10
       Potion            |       |       |       |     2 ||     2
 Stab: Sleeping          |     3 |     6 |     3 |     1 ||    13
       Distracted        |       |     1 |     1 |     3 ||     5
       Paralysed         |       |       |     9 |    21 ||    30
Armor: Robe              |    13 |    67 |    54 |    69 ||   203
       Leather armour    |       |    13 |       |       ||    13
Dodge: Dodged            |    96 |   213 |   200 |   272 ||   781

Table legend: (Time is in decaauts)
 A = Elapsed time spent in this place.
 B = Non-inter-level travel time spent in this place.
 C = Inter-level travel time spent in this place.
 D = Time resting spent in this place.
 E = Time spent auto-exploring this place.
 F = Levels seen in this place.
 G = Mean time per level.
                   A        B        C        D        E       F      G
               +--------+--------+--------+--------+--------+-----+--------+
         Total |  17988 |  16914 |   1074 |    266 |  12965 |  15 | 1199.2 |
       Dungeon |  15197 |  14163 |   1034 |    266 |  10986 |  11 | 1381.5 |
        Temple |     49 |     49 |      0 |      0 |     25 |   1 |   49.0 |
          Lair |   1319 |   1279 |     40 |      0 |   1047 |   1 | 1319.0 |
         Sewer |    376 |    376 |      0 |      0 |    252 |   1 |  376.0 |
      Gauntlet |   1044 |   1044 |      0 |      0 |    655 |   1 | 1044.0 |
               +--------+--------+--------+--------+--------+-----+--------+

Top non-repeatable levels by time:
     D:7: 1953 daAuts
     D:8: 1857 daAuts
    D:11: 1536 daAuts
     D:9: 1506 daAuts
     D:1: 1407 daAuts
     D:4: 1349 daAuts
  Lair:1: 1319 daAuts
     D:5: 1237 daAuts
     D:3: 1172 daAuts
     D:6: 1123 daAuts
     D:2: 1056 daAuts
Gauntlet: 1044 daAuts
    D:10: 996 daAuts
   Sewer: 376 daAuts
  Temple: 49 daAuts
